 Dungeon Crawl Stone Soup version 0.30-a0-394-g3e4acdb0ae (webtiles) character file.

Game seed: 16439777280683951949

545 croobank the Conjurer (level 7, -2/53 HPs)
             Began as a Demonspawn Conjurer on Dec 6, 2022.
             Slain by a black bear (4 damage)
             ... on level 4 of the Dungeon.
             The game lasted 00:22:26 (3945 turns).

croobank the Conjurer (Demonspawn Conjurer)         Turns: 3945, Time: 00:22:27

Health: -2/53      AC:  6    Str:  8    XL:     7   Next: 6%
Magic:  0/12       EV: 12    Int: 21    God:
Gold:   230        SH:  0    Dex: 11    Spells: 2/12 levels left

rFire   . . .      SeeInvis .    n - +0 short sword
rCold   . . .      Faith    .    (no shield)
rNeg    . . .      Spirit   .    y - +2 robe {Will+}
rPois   .          Reflect  .    (helmet restricted)
rElec   .          Harm     .    (no cloak)
rCorr   .          Rampage  .    (no gloves)
Will    +....                    (no boots)
Stlth   ++........               (no amulet)
HPRegen 0.28/turn                (no ring)
MPRegen 0.13/turn                (no ring)

@: no status effects
A: horns 1, rugged brown scales 2
a: no special abilities


You were on level 4 of the Dungeon.
You visited 1 branch of the dungeon, and saw 4 of its levels.

You collected 230 gold pieces.

Inventory:

Hand Weapons
 a - a +2 trident of protection
 e - a +0 dagger
 l - a +0 hand axe
 m - a +0 long sword
 n - a +0 short sword (weapon)
 q - a +0 whip of electrocution
 x - a +4 club
Missiles
 f - 17 stones
 s - 5 poisoned darts
Armour
 b - a +0 ring mail of cold resistance
 h - a +0 leather armour
 y - a +2 robe of willpower (worn)
Wands
 t - a wand of charming (7)
 A - a wand of flame (49)
Scrolls
 i - a scroll of immolation
Potions
 c - 2 potions of curing {unknown}
 g - 2 potions of cancellation {unknown}
 j - 2 potions of lignification {unknown}
 k - a potion of flight {unknown}
 p - a potion of brilliance {unknown}
 r - a potion of attraction {unknown}
 u - a potion of berserk rage {unknown}
 v - a potion of invisibility {unknown}
 z - a potion of degeneration {unknown}


   Skills:
 + Level 2.8 Fighting
 + Level 3.2 Dodging
 + Level 3.4 Stealth
 + Level 3.3 Spellcasting
 + Level 5.0 Conjurations
 + Level 2.2 Hexes
 + Level 1.1 Translocations


You had 2 spell levels left.
You knew the following spells:

 Your Spells              Type           Power      Damage    Failure   Level
a - Magic Dart            Conj           96%        1d7       1%          1
b - Searing Ray           Conj           48%        2d6       2%          2
c - Dazzling Flash        Conj/Hex       36%        N/A       9%          3
d - Iskenderun's Mystic   Conj/Tloc      16%        2d5       34%         4

Your spell library contained the following spells:

 Spells                   Type           Power      Damage    Failure   Level
 Fulminant Prism          Conj/Hex       9%         3d7       28%         4


Dungeon Overview and Level Annotations

Branches:
Dungeon (4/15)
 Temple: D:4-7

Altars:
Cheibriados
Dithmenos
Ru
Wu Jian
Yredelemnul

Annotations:
D:3 Sigmund


Innate Abilities, Weirdness & Mutations

You have a pair of small horns on your head.
You are mostly covered in rugged brown scales. (AC +2, +5% HP)


Message History

Okay, then.
You completely miss the black bear.
You headbutt the black bear, but do no damage.
The black bear is almost dead.
The black bear closely misses you. The black bear claws you.
* * * LOW HITPOINT WARNING * * *
The black bear completely misses you.
The black bear bites you but does no damage.
The black bear claws you but does no damage. x2
Casting: Magic Dart (safe; 1% risk of failure)
Confirm with . or Enter, or press ? or * to list all spells.
Aiming: Magic Dart (safe; 1% risk of failure)
Press: ? - help, Shift-Dir - straight line, f/p - black bear
Aim: a black bear (almost dead, berserk, 100% to hit)
The magic dart hits the black bear but does no damage.
The black bear is almost dead.
The black bear closely misses you. x2; The black bear claws you.
* * * LOW HITPOINT WARNING * * *
The black bear bites you but does no damage.
The black bear closely misses you.
The black bear claws you but does no damage.
Okay, then.
Okay, then.
Okay, then.
Okay, then.
Okay, then.
Your +2 trident of protection goes still.
n - a +0 short sword (weapon)
You hit the black bear. Your headbutt misses the black bear.
Your punch misses the black bear.
The black bear is almost dead.
The black bear bites you.
* * * LOW HITPOINT WARNING * * *
The black bear claws you but does no damage.
The black bear claws you.
* * * LOW HITPOINT WARNING * * *
The black bear bites you.
* * * LOW HITPOINT WARNING * * *
The black bear claws you.
You die...

##..#.#
##..#.######
....#.##...
##.##.##>####### #
#...#.).........#.
...........### #.#
#...####.#.### #.#
##.## ##.[...# #.#
##.# #...##.# #@#
#.# #.#.##.# #h#
#.# #...##.# #.#
#.# ##.....# #.#
#.#######.#.###.#
#...............##
#...........h."..#
######..#.#.####.#
#..###.# .#


You could see a black bear (berserk).

Vanquished Creatures
  Grinder (D:4)
  An ogre (D:4)
  A scorpion (D:4)
  An orc priest (D:3)
  Ijyb (D:4)
  Jessica (D:3)
  An orc wizard (D:3)
  4 adders
  A worm (D:2)
  2 dart slugs (D:2)
  5 orcs (D:3)
  5 endoplasms
  3 giant cockroaches
  5 goblins
  7 hobgoblins
  7 kobolds
  3 quokkas
  7 ball pythons
  6 bats
  A frilled lizard (D:1)
  5 rats
68 creatures vanquished.

Vanquished Creatures (collateral kills)
  An orc (D:3)
1 creature vanquished.

Vanquished Creatures (others)
  An orc (D:3)
1 creature vanquished.

Grand Total: 70 creatures vanquished

Notes
Turn   | Place    | Note
-------+----------+-------------------------------------------
     0 | D:1      | croobank the Demonspawn Conjurer began the quest for the
                  | Orb.
     0 | D:1      | Reached XP level 1. HP: 13/13 MP: 3/3
   237 | D:1      | Found a faded altar of an unknown god.
   250 | D:1      | Gained mutation: You are partially covered in rugged brown
                  | scales. (AC +1, +3% HP) [demonic ancestry]
   250 | D:1      | Reached XP level 2. HP: 13/19 MP: 5/5
   433 | D:1      | Learned a level 2 spell: Searing Ray
   916 | D:1      | Gained mutation: You are mostly covered in rugged brown
                  | scales. (AC +2, +5% HP) [demonic ancestry]
   916 | D:1      | Reached XP level 3. HP: 20/26 MP: 4/6
   920 | D:1      | Learned a level 3 spell: Dazzling Flash
  1016 | D:2      | Reached skill level 1 in Fighting
  1866 | D:2      | Reached XP level 4. HP: 33/33 MP: 2/7
  3183 | D:3      | Noticed Sigmund
  3197 | D:3      | Noticed Jessica
  3201 | D:3      | Killed Jessica
  3202 | D:3      | Reached skill level 1 in Hexes
  3202 | D:3      | Gained mutation: You have a pair of small horns on your
                  | head. [demonic ancestry]
  3202 | D:3      | Reached XP level 5. HP: 37/39 MP: 4/9
  3320 | D:3      | Found a shadowy altar of Dithmenos.
  3320 | D:3      | Found a snail-covered altar of Cheibriados.
  3320 | D:3      | Found an ornate altar of the Wu Jian Council.
  3327 | D:3      | Found a basalt altar of Yredelemnul.
  3327 | D:3      | Found a sacrificial altar of Ru.
  3657 | D:4      | Noticed an ogre
  3663 | D:4      | Killed an ogre
  3664 | D:4      | Reached XP level 6. HP: 37/46 MP: 3/10
  3702 | D:4      | Learned a level 4 spell: Iskenderun's Mystic Blast
  3728 | D:4      | Noticed Ijyb
  3745 | D:4      | Killed Ijyb
  3917 | D:4      | Noticed Grinder
  3919 | D:4      | Identified a scroll of acquirement
  3920 | D:4      | Acquired the amulet of Lyzu {Rampage rPois rN++ Regen+
                  | Int-3}
  3927 | D:4      | Paralysed by Grinder for 2 turns
  3933 | D:4      | Killed Grinder
  3934 | D:4      | Reached skill level 5 in Conjurations
  3934 | D:4      | Reached skill level 1 in Translocations
  3934 | D:4      | Reached XP level 7. HP: 26/53 MP: 0/12
  3945 | D:4      | HP: 2/53 [black bear (3)]
  3945 | D:4      | Slain by a black bear

Illustrated notes

Levels and vault maps discovered:
D:1:      minmay_arrival_checkered_box, layout_basic,
          chequers_ecumenical_altar_simple_redux, st_stairs_14
D:2:      layout_basic, kennysheep_small_spiral
D:3:      layout_basic, minmay_overflow_temple_hex, uniq_jessica, uniq_sigmund
D:4:      layout_loops_ring, uniq_ijyb, uniq_grinder

Skill      XL: |  1  2  3  4  5  6 |
---------------+-------------------+-----
Stealth        | 2 3 |  3.4
Dodging        | 2 3 |  3.2
Fighting       | 1 2 |  2.8
Hexes          | 1 2 |  2.2
Spellcasting   | 3 |  3.3
Conjurations   | 5 |  5.0
Translocations | 1 |  1.1

Action                   |  1- 3 |  4- 6 |  7- 9 || total
-------------------------+-------+-------+-------++-------
Melee: Unarmed           |     9 |       |       ||     9
       Dagger            |    24 |     1 |       ||    25
       Short sword       |       |     4 |     1 ||     5
       Trident           |       |    31 |     7 ||    38
       Headbutt          |       |     6 |     1 ||     7
 Cast: Magic Dart        |    63 |     7 |     2 ||    72
       Searing Ray       |    10 |    19 |       ||    29
       Dazzling Flash    |       |     2 |       ||     2
Evoke: Wand              |       |     3 |       ||     3
  Use: Potion            |     1 |     1 |     1 ||     3
       Scroll            |       |     9 |       ||     9
 Stab: Sleeping          |     2 |     3 |       ||     5
Armor: Robe              |    13 |    15 |    14 ||    42
Dodge: Dodged            |    43 |    26 |    13 ||    82

Table legend: (Time is in decaauts)
 A = Elapsed time spent in this place.
 B = Non-inter-level travel time spent in this place.
 C = Inter-level travel time spent in this place.
 D = Time resting spent in this place.
 E = Time spent auto-exploring this place.
 F = Levels seen in this place.
 G = Mean time per level.
                   A        B        C        D        E       F      G
               +--------+--------+--------+--------+--------+-----+--------+
         Total |   3960 |   3808 |    152 |   1186 |   1818 |   4 |  990.0 |
       Dungeon |   3960 |   3808 |    152 |   1186 |   1818 |   4 |  990.0 |
               +--------+--------+--------+--------+--------+-----+--------+

Top non-repeatable levels by time:
     D:2: 1633 daAuts
     D:1: 1042 daAuts
     D:3: 952 daAuts
     D:4: 332 daAuts
